 Dungeon Crawl Stone Soup version 0.22-a0-772-gac08f70 (webtiles) character file.

8 Amnesiac the Digger (level 2, 19/19 HPs)
             Began as a Demonspawn Earth Elementalist on July 17, 2018.
             Quit the game on level 2 of the Dungeon.
             The game lasted 00:00:47 (335 turns).

Amnesiac the Digger (Demonspawn Earth Elementalist)  Turns: 335, Time: 00:00:48

Health: 19/19      AC:  2    Str:  8    XL:     2   Next: 0%
Magic:  5/5        EV: 12    Int: 16    God:
Gold:   22         SH:  0    Dex: 13    Spells: 4/5 levels left

rFire    . . .     SeeInvis .   a - +0 dagger
rCold    . . .     Gourm    .   (no shield)
rNeg     . . .     Faith    .   c - +0 robe
rPois    .         Spirit   .   (no helmet)
rElec    .         Reflect  .   (no cloak)
rCorr    .         Harm     .   (no gloves)
MR       .....                  (no boots)
Stlth    ++........             (no amulet)
HPRegen  0.06/turn              (no ring)
MPRegen  0.09/turn              (no ring)

@: no status effects
A: talons 1
a: no special abilities


You were on level 2 of the Dungeon.
You were not hungry.

You visited 1 branch of the dungeon, and saw 2 of its levels.

You collected 22 gold pieces.

Inventory:

Hand Weapons
 a - a +0 dagger (weapon)
Missiles
 b - 42 stones (quivered)
Armour
 c - a +0 robe (worn)
Jewellery
 e - an uncursed ring of see invisible {unknown}
Scrolls
 h - a scroll of magic mapping {!r, unknown}
 i - a scroll of fear {!r, unknown}
 j - a scroll of remove curse {!r, unknown}
Potions
 g - a potion of cancellation {!q, unknown}
Comestibles
 d - a ration
 f - a chunk of flesh


   Skills:
 + Level 1.9 Dodging
 - Level 2.0 Stealth
 + Level 2.1 Spellcasting
   Level 0.8 Transmutations
 * Level 2.9 Earth Magic


You had 4 spell levels left.
You knew the following spells:

 Your Spells              Type           Power        Failure   Level  Hunger
a - Sandblast             Erth           ##....       6%          1    #......

Your spell library contained the following spells:

 Spells                   Type           Power        Failure   Level  Hunger
 Stone Arrow              Conj/Erth      #.....       32%         3    ###....
 Passwall                 Tmut/Erth      #.......     14%         2    ###....
 Lee's Rapid Deconstruct  Erth           ##........   86%         5    ######.
 Petrify                  Tmut/Erth      #.......     67%         4    #####..


Dungeon Overview and Level Annotations

Branches:
Dungeon (2/15)

Altars:


Innate Abilities, Weirdness & Mutations

You have sharp toenails.


Message History

The bat is severely wounded.
The bat closely misses you. x2
You completely miss the bat.
The bat is severely wounded.
The bat hits you but does no damage. x2
You closely miss the bat.
The bat is severely wounded.
The bat closely misses you. The bat barely misses you.
You closely miss the bat.
The bat is severely wounded.
The bat hits you.
You hit the bat.
You kill the bat!
You butcher the bat corpse.
f - 2 chunks of flesh (gained 1)
A goblin comes into view.
Found a bubbling sapphire potion.
A goblin is nearby!
The goblin shouts!
Some of the chunks of flesh in your inventory have rotted away.
Found 12 arrows.
You hit the goblin.
The goblin is severely wounded.
The goblin misses you.
You hit the goblin.
You kill the goblin!
No target in view!
No target in view!
g - a bubbling sapphire potion {!q}
h - a scroll labeled KASSAY EHINAWK {!r} You now have 22 gold pieces (gained 14).
Found a hunting sling.
i - a scroll labeled TINIFE BEOPHUISCH {!r} You see here a leather armour.
A kobold comes into view. It is wielding a dagger.
The helpless kobold fails to defend itself.
You hit the kobold.
You kill the kobold!
Things that are here:
a dagger; a kobold corpse You open the door.
A rat comes into view.
The rat moves out of view.
There is an open door here.
The rat misses you.
You hit the rat.
You kill the rat!
Found a stone staircase leading down.
j - a scroll labeled CORIME QAR TAR {!r}
There is a stone staircase leading down here.
You climb downwards.
A rat comes into view.
Found a leather armour.
There is a stone staircase leading up here.
The rat barely misses you.
You hit the rat.
You kill the rat!
Training target 2.0 for Stealth reached!
Your Stealth skill increases to level 2!
You have reached level 2!
Your demonic ancestry asserts itself...
Your toenails lengthen and sharpen.
Are you sure you want to abandon this character and quit the game? (Confirm with "yes".)

...#
...##
....####
#......#
#......#
#......#
#......#
#@.....#
#......#
#......#
#......#
#<.....#
###..[.#
....#
....#
#####


There were no monsters in sight!

Vanquished Creatures
  A bat (D:1)
  2 hobgoblins (D:1)
  2 goblins (D:1)
  A kobold (D:1)
  2 rats
8 creatures vanquished.

Vanquished Creatures (others)
  4 toadstools (D:1)
4 creatures vanquished.

Grand Total: 12 creatures vanquished

Notes
Turn   | Place    | Note
-------+----------+-------------------------------------------
     0 | D:1      | Amnesiac the Demonspawn Earth Elementalist began the quest for the Orb.
     0 | D:1      | Reached XP level 1. HP: 13/13 MP: 3/3
   334 | D:2      | Gained mutation: You have sharp toenails. [demonic ancestry]
   334 | D:2      | Reached XP level 2. HP: 19/19 MP: 5/5
   335 | D:2      | Quit the game

Vault maps used:
D:1:      ldierk_walled_garden_2
D:2:      gammafunk_temple_overflow_pools, minivault_5, uniq_natasha,
          uniq_robin, uniq_crazy_yiuf_cottage

Skill      XL: |  1 |
---------------+----+-----
Stealth        | 2 |  2.0
Dodging        | |  1.9
Spellcasting   | |  2.1
Transmutations | |  0.8
Earth Magic    | |  2.9

Action                   || total
-------------------------++-------
Melee: Dagger            ||    22
       Unarmed           ||     6
 Cast: Sandblast         ||     6
 Stab: Sleeping          ||     1
Armor: Robe              ||     7
Dodge: Dodged            ||    32

Table legend:
 A = Spawn XP
 B = Non-spawn XP
 C = Spawn XP percentage of total XP
 D = Spawn monster count
 E = Non-spawn monster count
 F = Spawn count percentage of total count
 G = Total turns spent on level
                    A         B        C        D         E        F      G
               +---------+---------+-------+---------+---------+-------+---------
         Total |       0 |      12 |   0.0 |       0 |       8 |   0.0 |   335
               +---------+---------+-------+---------+---------+-------+---------
           D:1 |       0 |      11 |   0.0 |       0 |       7 |   0.0 |   329
           D:2 |       0 |       1 |   0.0 |       0 |       1 |   0.0 |     6
               +---------+---------+-------+---------+---------+-------+---------
